 Dungeon Crawl Stone Soup version 0.27-a0-1228-gfd60fd639a (webtiles) character file.

Game seed: 17648287903640361762

52 dracfodder the Magician (level 4, 0/31 HPs)
             Began as a Djinni Fire Elementalist on June 7, 2021.
             Slain by an orc priest
             ... wielding a +0 hand axe
              (5 damage)
             ... on level 2 of the Dungeon.
             The game lasted 00:16:23 (2712 turns).

dracfodder the Magician (Djinni Fire Elementalist)  Turns: 2712, Time: 00:16:24

Health: 0/31       AC:  3    Str:  8    XL:     4   Next: 8%
Gold:   77         EV: 12    Int: 16    God:
                   SH:  0    Dex: 14

rFire    + + .     SeeInvis .   c - +0 dagger (protect)
rCold    x . .     Faith    .   (no shield)
rNeg     . . .     Spirit   .   a - +1 robe
rPois    ∞         Reflect  .   (no helmet)
rElec    .         Harm     .   (no cloak)
rCorr    .         Rampage  .   (no gloves)
Will     .....                  (boots unavailable)
Stlth    ++........             (no amulet)
HPRegen  0.10/turn              (no ring)
MPRegen  0.00/turn              (no ring)

@: flying
A: sickness immunity, fire resistance 2, cold vulnerability 1, float, innate
caster, hp casting, extra vitality 1
a: no special abilities


You were on level 2 of the Dungeon.
You visited 1 branch of the dungeon, and saw 3 of its levels.

You collected 77 gold pieces.

Inventory:

Hand Weapons
 c - a +0 dagger of protection (weapon)
 k - a +1 vampiric short sword
Missiles
 f - 54 stones
 h - 13 poisoned darts
Armour
 a - a +1 robe (worn)
 b - a +0 leather armour
Scrolls
 d - a scroll of fog
 e - a scroll of blinking {unknown}
 g - a scroll of identify
Potions
 i - a potion of heal wounds {unknown}
 j - a potion of lignification {unknown}


   Skills:
 * Level 0.6 Fighting
 + Level 0.3 Short Blades
 + Level 2.3 Dodging
 + Level 1.9 Stealth
 * Level 3.3 Spellcasting


You couldn't memorise any spells.
You knew the following spells:

 Your Spells              Type           Power      Damage    Failure   Level
a - Foxfire               Conj/Fire      52%        2x1d6     4%          1
b - Conjure Flame         Conj/Fire      13%        6-21      14%         3
c - Inner Flame           Hex/Fire       13%        N/A       14%         3
d - Sticky Flame          Conj/Fire      13%        2d4       41%         4
e - Fireball              Conj/Fire      6%         3d5       77%         5
f - Sting                 Tmut/Pois      52%        1d5       4%          1
Your spell library was empty.

Dungeon Overview and Level Annotations

Branches:
Dungeon (3/15)

Altars:

Shops:
D:1 *([*


Innate Abilities, Weirdness & Mutations

You are immune to sickness and miasma.
You are immune to poison.
Your flesh is very heat resistant. (rF++)
You are vulnerable to cold. (rC-)
You float through the air rather than walking.
You learn spells naturally, not from books.
Your magical power is your life essence.
You have superior vitality. (+4 HP)


Message History

Confirm with . or Enter, or press ? or * to list all spells.
Aiming: Sting (safe; 4% risk of failure)
Press: ? - help, Shift-Dir - straight line, f - orc
Aim: an orc, wielding a +0 flail (almost dead, 71% to hit)
The sting misses the orc.
The orc hits you but does no damage.
The orc priest hits you but does no damage.
Casting: Sting (safe; 4% risk of failure)
Confirm with . or Enter, or press ? or * to list all spells.
Aiming: Sting (safe; 4% risk of failure)
Press: ? - help, Shift-Dir - straight line, f - orc priest, p - orc
Aim: an orc priest, wielding a +0 hand axe and wearing a +2 leather armour of willpower (71% to hit)
The sting hits the orc priest but does no damage.
The orc priest is poisoned.
The orc hits you with a +0 flail.
The orc priest hits you with a +0 hand axe.
Casting: Sting (safe; 4% risk of failure)
Confirm with . or Enter, or press ? or * to list all spells.
Aiming: Sting (safe; 4% risk of failure)
Press: ? - help, Shift-Dir - straight line, f - orc, p - orc priest
Aim: an orc, wielding a +0 flail (almost dead, 71% to hit)
The sting hits the orc.
The orc is poisoned.
You kill the orc!
* * * LOW HITPOINT WARNING * * *
The orc priest hits you with a +0 hand axe.
* * * LOW HITPOINT WARNING * * *
Casting: Sting (safe; 4% risk of failure)
Confirm with . or Enter, or press ? or * to list all spells.
Aiming: Sting (safe; 4% risk of failure)
Press: ? - help, Shift-Dir - straight line, f - orc priest
Aim: an orc priest, wielding a +0 hand axe and wearing a +2 leather armour of willpower (lightly wounded, poisoned, 71% to hit)
The sting hits the orc priest.
The orc priest looks even sicker.
The orc priest is lightly wounded.
* * * LOW HITPOINT WARNING * * *
The orc priest misses you.
You barely miss the orc priest.
The orc priest is lightly wounded.
The orc priest barely misses you.
You barely miss the orc priest.
The orc priest is moderately wounded.
The orc priest hits you with a +0 hand axe.
You die...

.##.......# #)##.#
#.# #.....#
.##.......#
#..#.###.#######.#
###.......#
##....##.#.....#.#
#.....###
#....##.#.###)#.#
#.....# #....#..#.#
#.#.# #.....#
#....#.##.# #.#.####
#.....# #....#(##.#
#.#..... #######
#.)†.#....###.#####.
##.@o.......#.....#.
##########.####....
### #.# #..#. #8#
#.# #..#< #_#
#.####..## #.###
#.##P#..).
#.≈≈######PP#..##
#PP.≈.###.P.#).#
##PP(≈.P.PP≈≈..#


You could see an orc priest (very poisoned).

Vanquished Creatures
  A dart slug (D:2)
  3 orcs (D:2)
  A bat (D:1)
  3 endoplasms (D:1)
  4 giant cockroaches
  5 goblins
  2 hobgoblins
  6 jackals (D:2)
  5 kobolds
  A quokka (D:2)
  2 ball pythons
  2 frilled lizards
  4 rats (D:1)
39 creatures vanquished.

Vanquished Creatures (collateral kills)
  A foxfire (D:1)
1 creature vanquished.

Vanquished Creatures (others)
  93 foxfires
93 creatures vanquished.

Grand Total: 133 creatures vanquished

Notes
Turn   | Place    | Note
-------+----------+-------------------------------------------
     0 | D:1      | dracfodder the Djinni Fire Elementalist began the quest for
                  | the Orb.
     0 | D:1      | Reached XP level 1. HP: 15/15 MP: 0/0
   120 | D:1      | Reached XP level 2. HP: 14/21 MP: 0/0
   452 | D:1      | Found Qima's Assorted Antiques.
   501 | D:1      | Found Peroxogg's Weapon Emporium.
  1019 | D:1      | Reached skill level 3 in Spellcasting
  1118 | D:1      | Found Camut's Assorted Antiques.
  1198 | D:1      | Found Tuwnaych's Antique Armour Shop.
  1205 | D:1      | Reached XP level 3. HP: 23/25 MP: 0/0
  1205 | D:1      | Learned a level 1 spell: Sting
  1611 | D:2      | HP: 1/25 [jackal (3)]
  2571 | D:2      | Found a faded altar of an unknown god.
  2625 | D:2      | Reached XP level 4. HP: 24/31 MP: 0/0
  2712 | D:2      | Slain by an orc priest

Illustrated notes

Levels and vault maps discovered:
D:1:      co_arrival_random_square_maze, layout_basic, serial_shops,
          nicolae_shop_statue_plus, nicolae_shop_overgrown_old_shop,
          nicolae_shop_overgrown_old_shop, shop
D:2:      layout_basic, shapermc_ecumenical_altar_hornbeckon
D:3:      layout_basic, lemuel_crystal_altar, nicolae_elyvilon_peaceful_grove,
          nicolae_ru_the_path_less_chosen, lemuel_crystal_altar, uniq_sigmund

Skill      XL: |  1  2 |
---------------+-------+-----
Spellcasting   | 3 |  3.3
Fighting       | |  0.6
Short Blades   | |  0.3
Dodging        | |  2.3
Stealth        | |  1.9

Action                   |  1- 3 |  4- 6 || total
-------------------------+-------+-------++-------
Melee: Short sword       |    19 |       ||    19
       Dagger            |    18 |     5 ||    23
 Cast: Foxfire           |    55 |     1 ||    56
       Sting             |     7 |     5 ||    12
  Use: Scroll            |     5 |       ||     5
 Stab: Sleeping          |     2 |       ||     2
Armor: Robe              |    15 |     3 ||    18
Dodge: Dodged            |    32 |     8 ||    40

Table legend: (Time is in decaauts)
 A = Elapsed time spent in this place.
 B = Non-inter-level travel time spent in this place.
 C = Inter-level travel time spent in this place.
 D = Time resting spent in this place.
 E = Time spent auto-exploring this place.
 F = Levels seen in this place.
 G = Mean time per level.
                   A        B        C        D        E       F      G
               +--------+--------+--------+--------+--------+-----+--------+
         Total |   2716 |   2558 |    158 |    980 |   1221 |   3 |  905.3 |
       Dungeon |   2716 |   2558 |    158 |    980 |   1221 |   3 |  905.3 |
               +--------+--------+--------+--------+--------+-----+--------+

Top non-repeatable levels by time:
     D:1: 1596 daAuts
     D:2: 1108 daAuts
     D:3: 12 daAuts
